 Dungeon Crawl Stone Soup version 0.14-a0-1254-g249fea6 (console) character file.

497 Illaniel the Charmwright (level 6, -1/41 HPs)
             Began as a High Elf Skald on Dec 2, 2013.
             Slain by a scorpion zombie (6 damage)
             ... in an ossuary.
             The game lasted 00:15:55 (3016 turns).

Illaniel the Charmwright (High Elf Skald)           Turns: 3016, Time: 00:15:55

HP  -1/41        AC  4     Str 11      XL: 6   Next: 14%
MP  11/18        EV 10     Int 19      God:
Gold 195         SH  0     Dex 14      Spells:  5 memorised,  1 level left

rFire  . . .     SeeInvis +     a - +0 elf falchion (curse)
rCold  . . .     Clarity  .     b - +0 elf leather armour
rNeg   . . .     Conserve .     (no shield)
rPois  .         rCorr    .     (no helmet)
rElec  .         rRot     .     (no cloak)
SustAb . .       Spirit   .     i - +0 pair of elf gloves
rMut   .         Warding  .     (no boots)
Saprov . . .     Stasis   .     (no amulet)
                                B - cursed ring of see invisible
                                (no ring)

@: slightly resistant to hostile enchantments, unstealthy
A: no striking features
a: Stop Singing


You were in an ossuary.
You were very hungry.

You visited 1 branch of the dungeon, and saw 4 of its levels.
You also visited: Ossuary.

You collected 195 gold pieces.

Inventory:

Hand weapons
 a - a cursed +0,+0 elven falchion (weapon)
 v - a +0,+0 falchion
Armour
 b - a +0 elven leather armour (worn)
 i - a +0 pair of elven gloves (worn)
Magical devices
 r - a wand of random effects (6) {unknown}
Comestibles
 d - 4 bread rations
 j - 9 grapes
 q - 2 oranges
 A - 2 pears
Scrolls
 f - 3 scrolls of teleportation
 n - a scroll of fear
 p - a scroll of identify
 y - 2 scrolls of enchant weapon II
Jewellery
 B - a cursed ring of see invisible (right hand)
Potions
 e - a potion of speed {unknown}
 l - 2 potions of curing
 s - 2 potions of might {unknown}
 t - a potion of agility {unknown}
 u - 2 potions of restore abilities {unknown}
 w - a potion of confusion {unknown}
 z - a potion of mutation {unknown}
 C - a potion of heal wounds {unknown}
 F - a potion of beneficial mutation {unknown}
Books
 c - a book of Battle

   Spells                             Type                      Level
   *Infusion                          Charms                       1
   *Shroud of Golubria                Charms/Translocation         2
   *Song of Slaying                   Charms                       2
   *Spectral Weapon                   Hexes/Charms                 3
   *Regeneration                      Charms/Necromancy            3


   Skills:
 - Level 2.0 Fighting
 * Level 5.3 Long Blades
 - Level 0.8 Armour
 - Level 1.1 Dodging
 + Level 3.8 Spellcasting
 * Level 5.9 Charms


You had one spell level left.
You knew the following spells:

 Your Spells              Type           Power        Failure   Level  Hunger
a - Infusion              Chrm           ####..       1%          1    None
b - Song of Slaying       Chrm           ####....     1%          2    ##.....
c - Spectral Weapon       Hex/Chrm       ##......     14%         3    ###....
h - Shroud of Golubria    Chrm/Tloc      ##........   10%         2    ##.....
r - Regeneration          Chrm/Necr      ##........   14%         3    ###....


Dungeon Overview and Level Annotations

Branches:
Dungeon (4/16)
 Temple: D:4-7

Altars:
Fedhas


Message History

The centaur zombie misses your spectral weapon.
You hit the centaur zombie.
You destroy the centaur zombie!
The scorpion zombie closely misses your spectral weapon.
You swap places.
The scorpion zombie closely misses you.
There is an open door here.
The scorpion zombie closely misses you.
You slash the scorpion zombie!
Your spectral weapon hits the scorpion zombie!
The scorpion zombie barely misses you.
You slash the scorpion zombie!
You destroy the scorpion zombie!
You barely miss the scorpion zombie.
Your spectral weapon hits the scorpion zombie.
The scorpion zombie hits you.
* * * LOW HITPOINT WARNING * * *
You hit the scorpion zombie.
Your spectral weapon hits the scorpion zombie.
The scorpion zombie hits you.
You die... ∙∙∙ ∙∙▒∙∙∙∙∙■ ∙∙∙8∙∙∙∙∙ ∙∙∙∙∙∙∙∙∙∙ ∙∙∙∙∙∙∙∙∙∙

▒▒8∙∙∙∙∙8▒▒▒
∙∙∙∙∙∙∙∙∙∙∙▒
▒∙∙∙∙∙∙∙∙∙∙∙▒
▒∙∙∙∙∙8∙∙∙∙∙▒
▒∙∙∙∙z▒∙∙∙∙∙▒ ∙∙∙
▒∙∙∙z@▒ ▒
▒▒▒▒▒▒(▒▒▒▒▒▒▒▒▒▒
▒∙!s▒∙^∙▒∙∙∙▒∙∙∙▒
∙∙'?∙∙▒∙∙∙'∙∙∙8∙∙∙▒
∙▒∙∙?▒∙∙∙▒∙∙∙∙∙∙∙▒
▒▒▒▒▒▒▒▒▒▒▒▒▒▒8∙%∙8▒▒
▒∙∙∙▒∙∙∙▒∙∙∙▒∙∙∙∙∙∙∙▒
▒∙∩∙'∙%∙8∙∙∙▒∙∙%8∙∙∙▒
▒∙∙∙▒∙∙∙∙∙∙∙▒∙∙∙▒∙∙∙▒
▒▒'▒▒▒8∙∙∙8▒▒▒'▒▒▒▒▒▒
▒∙∙∙▒∙∙∙∙∙∙∙▒^∙∙▒M∙∙▒


You could see a scorpion zombie and a friendly spectral elven falchion.

Vanquished Creatures
  A centaur zombie (Ossuary)
  4 scorpions (Ossuary)
  Jessica (D:2)
  Terence (D:2)
  3 adders
  2 giant mites
  3 worms
  3 scorpion zombies (Ossuary)
  A giant eyeball (D:4)
  2 giant geckos
  An ooze (D:1)
  An orc (D:3)
  5 bats
  3 giant cockroaches
  6 goblins
  10 hobgoblins
  3 jackals (D:1)
  9 kobolds
  A quokka (D:3)
  5 giant newts
  A hobgoblin zombie (Ossuary)
  An orc zombie (Ossuary)
  8 rats
75 creatures vanquished.

Notes
Turn   | Place    | Note
--------------------------------------------------------------
     0 | D:1      | Illaniel, the High Elf Skald, began the quest for the Orb.
     0 | D:1      | Reached XP level 1. HP: 13/13 MP: 4/4
   158 | D:1      | Reached skill level 4 in Charms
   216 | D:1      | Reached XP level 2. HP: 15/18 MP: 3/6
   225 | D:1      | Learned a level 2 spell: Shroud of Golubria
   819 | D:2      | Reached XP level 3. HP: 15/23 MP: 0/9
   826 | D:2      | Learned a level 3 spell: Regeneration
   833 | D:2      | Noticed Terence
  1092 | D:3      | Found a blossoming altar of Fedhas.
  1253 | D:2      | Killed Terence
  1457 | D:2      | Reached XP level 4. HP: 17/29 MP: 0/12
  1461 | D:2      | Learned a level 2 spell: Song of Slaying
  1462 | D:2      | Noticed Jessica
  1581 | D:2      | Killed Jessica
  2039 | D:3      | Upgraded the game from 0.14-a0-1192-g192f278 to 0.14-a0-1254-g249fea6
  2148 | D:3      | Reached skill level 5 in Charms
  2233 | D:3      | Reached XP level 5. HP: 24/36 MP: 14/16
  2528 | D:4      | Paralysed by a giant eyeball for 2 turns
  2649 | D:4      | Found a sand-covered staircase.
  2653 | Ossuary  | Entered an ossuary
  2694 | Ossuary  | Learned a level 3 spell: Spectral Weapon
  2784 | Ossuary  | Reached skill level 5 in Long Blades
  3002 | Ossuary  | Reached XP level 6. HP: 18/41 MP: 11/18
  3016 | Ossuary  | Slain by a scorpion zombie

Action                   |  1- 3 |  4- 6 || total
-------------------------+-------+-------++-------
Melee: Falchion          |   139 |   127 ||   266
 Cast: Infusion          |    22 |    18 ||    40
       Shroud of Golubri |    12 |    11 ||    23
       Regeneration      |     2 |     6 ||     8
       Song of Slaying   |       |     4 ||     4
       Spectral Weapon   |       |     3 ||     3
 Abil: Stop Singing      |       |     1 ||     1
  Use: Scroll            |       |    12 ||    12
       Potion            |       |     1 ||     1
 Stab: Sleeping          |     1 |     1 ||     2
